 Dungeon Crawl Stone Soup version 0.31-a0-600-g62dffe198b (webtiles) character file.

Game seed: 12024176734272976383

4278 Ethylacetat the Nimble (level 10, 0/73 HPs)
             Began as an Octopode Gladiator on Aug 18, 2023.
             Slain by a sky beast (6 damage)
             ... on level 8 of the Dungeon on Aug 20, 2023.
             The game lasted 00:16:56 (7425 turns).

Ethylacetat the Nimble (Octopode Gladiator)         Turns: 7425, Time: 00:16:57

Health: 0/73       AC:  1    Str: 20    XL:     10   Next: 31%
Magic:  10/10      EV: 18    Int: 11    God:
Gold:   400        SH:  0    Dex: 17    Spells: 9/9 levels left

rFire   . .          .
                       - Unarmed
rCold   . . .        (no shield)
rNeg    . . .        a - +0 hat
rPois   .            (no amulet)
rElec   .            n - +6 ring of strength
rCorr   +            i - ring of resist corrosion
SInv    .            y - ring of flight
Will    .....        (no ring)
Stlth   +++          (no ring)
HPRegen 0.32/turn    (no ring)
MPRegen 0.12/turn    (no ring)
                     (no ring)

%: random rage (3%)
@: brilliant, lethally poisoned (0 -> -7), attractive, flying, hasted, very
quick
A: almost no armour, amphibious, 8 rings, camouflage 1, gelatinous body 1,
(nimble swimmer 1), tentacles, berserk 1, deterioration 1
a: no special abilities


You were on level 8 of the Dungeon.
You visited 2 branches of the dungeon, and saw 9 of its levels.

You collected 400 gold pieces.

Inventory:

Missiles
 c - a javelin
Armour
 a - a +0 hat (worn)
Jewellery
 i - a ring of resist corrosion (right tentacle)
 n - a +6 ring of strength (left tentacle)
 p - the Hermit's Pendant {Faith Invo=14 Evo=0 MP+5}
   (You found it on level 3 of the Dungeon)

   [amulet of faith]

   Invo=14: It sets your Invocations skill to 14.
   Evo=0: It sets your Evocations skill to 0.
   Faith:     It allows you to gain divine favour quickly.
   MP+5:      It affects your magic capacity (+5).
 y - a ring of flight (on tentacle)
Wands
 j - a wand of digging (14)
 r - a wand of quicksilver (13)
 w - a wand of polymorph (2)
Scrolls
 d - 3 scrolls of revelation {unknown}
 e - 2 scrolls of amnesia {unknown}
 f - 5 scrolls of identify {unknown}
 g - 4 scrolls of teleportation {unknown}
 l - a scroll of vulnerability {unknown}
 m - a scroll of enchant weapon {unknown}
 o - a scroll of blinking {unknown}
 q - a scroll of silence {unknown}
 s - a scroll of noise {unknown}
 t - a scroll of poison {unknown}
 u - a scroll of enchant armour {unknown}
 v - a scroll of immolation {unknown}
 x - a scroll of torment {unknown}
 A - a scroll of acquirement {unknown}
Potions
 h - 4 potions of brilliance


   Skills:
 + Level 8.9 Fighting
 - Level 2.0 Throwing
 + Level 9.0 Dodging
 + Level 9.0 Unarmed Combat


You had 9 spell levels left.
You didn't know any spells.
Your spell library contained the following spells:

 Spells                   Type           Power      Damage    Failure   Level
 Magic Dart               Conj           0%         1d3       34%         1
 Call Imp                 Summ           0%         N/A       47%         2
 Searing Ray              Conj           0%         2d4       47%         2
 Mephitic Cloud           Conj/Pois/Air  0%         N/A       71%         3
 Anguish                  Hex/Necr       0%         N/A       98%         4
 Cause Fear               Hex            0%         N/A       98%         4
 Fulminant Prism          Conj/Hex       0%         3d5       98%         4
 Enfeeble                 Hex            0%         N/A       100%        7


Dungeon Overview and Level Annotations

Branches:
Dungeon (8/15)             Temple (1/1) D:5
   Lair: D:8-11

Altars:
Ashenzari
Cheibriados
Dithmenos
Elyvilon
Hepliaklqana
Kikubaaqudgha
Makhleb
Nemelex Xobeh
Okawaru
Qazlal
Ru
Sif Muna
Trog
Uskayaw
Wu Jian
Xom
Yredelemnul

Shops:
D:1 *   D:5 [([*

Annotations:
D:3 Natasha


Innate Abilities, Weirdness & Mutations

You cannot wear most types of armour.
You are amphibious.
You can wear up to eight rings at the same time.
Your skin changes colour to match your surroundings (Stealth+).
Your rubbery body absorbs attacks. (AC +1, EV +1)
((You are camouflaged when in or above water. (Stealth+)))
You have tentacles for arms and can constrict up to eight enemies at once.
You sometimes lose your temper in combat.
Your body sometimes deteriorates upon taking damage.


Message History

The water moccasin is heavily wounded.
You constrict the water moccasin.
You feel very sick. The water moccasin bites you!
You are more poisoned.
The water moccasin poisons you! Something completely misses you.
It was a potion of brilliance.
You feel clever all of a sudden.
You constrict the water moccasin.
You feel very sick.
The water moccasin completely misses you.
The water moccasin misses you. Something hits you. Something shocks you.
It was a potion of attraction.
You feel attractive to monsters.
You constrict the water moccasin.
You feel very sick. The water moccasin closely misses you. Something hits you.
Something shocks you.
It was a potion of haste.
You feel yourself speed up.
You constrict the water moccasin.
You feel very sick. The water moccasin closely misses you. Something hits you.
* * * LOW HITPOINT WARNING * * *
Something shocks you.
* * * LOW HITPOINT WARNING * * *
The water moccasin barely misses you.
You tentacle-slap the water moccasin but do no damage.
You squeeze the water moccasin.
You kill the water moccasin!
* * * LOW HITPOINT WARNING * * *
You feel sick.
Throw: throwing net
Press: ? - help, Q - select action, (/) - cycle Shift-Dir - straight line You throw a throwing net.
* * * LOW HITPOINT WARNING * * *
You feel sick. Something hits you.
* * * LOW HITPOINT WARNING * * *
Something shocks you.
You die... "I guess I need a new plaything now."

#.....#..
#.......## ≈
###........#.≈
.(...........
###...........
.##
#.............
....
##..{..$..#
.....##...†@.#
..........####
$.........#
.........##
.........#
.........## .
..........# ..
...#....## .#.
.###....#


There were no monsters in sight!

Vanquished Creatures
  A two-headed ogre (D:7)
  The ghost of Kiciri the Grappler, a novice OgSh (D:7)
  Jeremiah (D:7)
  Maggie (D:7)
  A komodo dragon (D:7)
  Sigmund (D:3)
  Edmund (D:5)
  A water moccasin (D:8)
  2 black bears
  An orc warrior (D:7)
  3 ogres
  A sky beast (D:6)
  A centaur (D:7)
  A tengu (D:6)
  3 phantoms
  3 bullfrogs (D:6)
  2 scorpions
  A howler monkey (D:5)
  A hound (D:6)
  2 orc priests (D:6)
  Crazy Yiuf (D:3)
  3 iguanas
  Natasha (twice) (D:3)
  5 orc wizards
  Robin (D:2)
  7 gnolls
  5 adders
  A white imp (D:7)
  An ufetubus (D:3)
  2 worms (D:2)
  A dart slug (D:2)
  22 orcs
  An endoplasm (D:2)
  4 giant cockroaches
  15 goblins
  8 hobgoblins
  2 jackals (D:2)
  4 kobolds
  12 quokkas
  12 ball pythons
  4 bats
  10 rats
152 creatures vanquished.

Notes
Turn   | Place    | Note
-------+----------+-------------------------------------------
     0 | D:1      | Ethylacetat the Octopode Gladiator began the quest for the
                  | Orb.
     0 | D:1      | Reached XP level 1. HP: 14/14 MP: 1/1
    96 | D:1      | Reached XP level 2. HP: 19/19 MP: 2/2
   211 | D:1      | Found Yvent's Assorted Antiques.
   581 | D:2      | Noticed Robin
   586 | D:2      | Reached XP level 3. HP: 15/25 MP: 3/3
  1095 | D:2      | Reached XP level 4. HP: 30/30 MP: 4/4
  1120 | D:2      | Killed Robin
  1775 | D:3      | Found a runed translucent door.
  1776 | D:3      | Noticed Crazy Yiuf
  2048 | D:3      | Noticed Natasha
  2052 | D:3      | Killed Natasha
  2053 | D:3      | Reached XP level 5. HP: 36/36 MP: 5/5
  2097 | D:3      | Found a sacrificial altar of Ru.
  2213 | D:3      | Noticed Natasha
  2217 | D:3      | Killed Natasha
  2224 | D:3      | Noticed Sigmund
  2231 | D:3      | Noticed Natasha
  2232 | D:3      | Killed Sigmund
  2233 | D:3      | Reached XP level 6. HP: 30/43 MP: 6/6
  2384 | D:3      | Found a faded altar of an unknown god.
  2384 | D:3      | Found the Hermit's Pendant {Faith Invo=14 Evo=0 MP+5}
  2396 | D:3      | Prayed at the altar of an unknown god.
  2396 | D:3      | Became a worshipper of Xom of Chaos
  2397 | D:3      | Fell from the grace of Xom
  2696 | D:3      | Killed Crazy Yiuf
  2758 | D:4      | Reached skill level 5 in Unarmed Combat
  2758 | D:4      | Reached XP level 7. HP: 45/49 MP: 7/7
  2760 | D:4      | Reached skill level 5 in Dodging
  3409 | D:4      | Reached skill level 5 in Fighting
  3455 | D:4      | XOM: give mutations
  3455 | D:4      | Gained mutation: You are strong-willed. (Will+) [Xom's
                  | mischief]
  3455 | D:4      | Gained mutation: You occasionally shout uncontrollably at
                  | your foes. [Xom's mischief]
  3455 | D:4      | Gained mutation: You sometimes lose your temper in combat.
                  | [Xom's mischief]
  3455 | D:4      | Gained mutation: Your body sometimes deteriorates upon
                  | taking damage. [Xom's mischief]
  3471 | D:4      | XOM: enchant monster (bad)
  3758 | D:5      | Entered Level 5 of the Dungeon
  3847 | D:5      | Reached XP level 8. HP: 50/56 MP: 8/8
  3947 | D:5      | Found Rogheq's Assorted Antiques.
  4006 | D:5      | Found an ancient bone altar of Kikubaaqudgha.
  4021 | D:5      | Found Keap's Antique Armour Emporium.
  4113 | D:5      | Identified the +2 long sword "Keippott" {pain, *Rage rPois
                  | Str+3 Int+8}
  4500 | D:5      | Noticed Edmund
  4508 | D:5      | Killed Edmund
  4573 | D:5      | Found Xolalut's Antique Armour Emporium.
  4604 | D:5      | Found a staircase to the Ecumenical Temple.
  4618 | Temple   | XOM: noise
  4618 | Temple   | Entered the Ecumenical Temple
  4703 | D:5      | Found Roemoafe's Antique Weapon Boutique.
  4812 | D:6      | XOM: 2-stop teleportation journey
  5270 | D:6      | Reached XP level 9. HP: 54/63 MP: 9/9
  5359 | D:6      | XOM: 2-stop teleportation journey
  5465 | D:6      | Upgraded the game from 0.31-a0-569-g7ea453304b to
                  | 0.31-a0-600-g62dffe198b
  5583 | D:6      | Noticed a hornet
  5585 | D:6      | a hornet changed into a tengu
  6065 | D:7      | Noticed Joseph
  6066 | D:7      | Noticed Maggie
  6070 | D:7      | Joseph changed into Joseph the komodo dragon
  6070 | D:7      | Noticed Joseph
  6176 | D:7      | Noticed a two-headed ogre
  6194 | D:7      | Killed a two-headed ogre
  6314 | D:7      | Killed Maggie
  6381 | D:7      | Killed Joseph the komodo dragon
  6385 | D:7      | Found a runed translucent door.
  6392 | D:7      | Noticed Kiciri's ghost (novice OgSh)
  6399 | D:7      | Reached XP level 10. HP: 33/72 MP: 10/10
  6524 | D:7      | Lost mutation: You are strong-willed. (Will+) [potion of
                  | mutation]
  6524 | D:7      | Lost mutation: You occasionally shout uncontrollably at
                  | your foes. [potion of mutation]
  6535 | D:7      | Killed Kiciri's ghost
  6728 | D:7      | Noticed Jeremiah
  6735 | D:7      | Killed Jeremiah
  7042 | D:7      | Found a shimmering altar of Xom.
  7425 | D:8      | Slain by a sky beast

Illustrated notes

Levels and vault maps discovered:
D:1:      wheals_arrival_shading, layout_basic, serial_shops,
          nicolae_square_shop
D:2:      layout_basic, st_stairs_10, kennysheep_generic_room_7, uniq_robin
D:3:      layout_rooms, marbit_many_paths, nicolae_hexahallways,
          minmay_misc_feat_cross, kennysheep_cluttered_room, grunt_ministairs_5,
          hellmonk_guarded_unrand_hermit, uniq_crazy_yiuf_cottage, uniq_sigmund,
          uniq_natasha
D:4:      layout_basic
D:5:      layout_basic, mainiacjoe_overflow_six_doors_small, temple_green,
          serial_shops, shop, nicolae_shop_statue_plus,
          nicolae_shop_real_fake_doors, shop_fountains, uniq_edmund
D:6:      layout_basic
D:7:      layout_basic, kennysheep_mini, hellmonk_ghost_happy_afterlife,
          nicolae_titane, uniq_maggie, uniq_joseph, uniq_jeremiah
D:8:      layout_cave_pools, mainiacjoe_overflow_alcove_1,
          grunt_temple_overflow_diamond, hellmonk_lair_entry_icy,
          enter_bailey_3, chequers_jeans, water_maze_lemuel, uniq_gastronok
Temple:   compressed_dpeg_circular_temple

Skill      XL: |  1  2  3  4  5  6  7  8  9 10 |
---------------+-------------------------------+-----
Fighting       | 3 4 5 6 8 |  8.9
Dodging        | 4 5 7 8 9 |  9.0
Unarmed Combat | 4 5 7 8 9 |  9.0
Throwing       | |  2.0

Action                     |  1- 3 |  4- 6 |  7- 9 | 10-12 || total
---------------------------+-------+-------+-------+-------++-------
  Melee: Unarmed           |    84 |    81 |   188 |    24 ||   377
         Constrict         |    23 |    22 |    39 |     4 ||    88
         Tentacles         |    20 |    19 |    52 |     8 ||    99
         Punch             |     2 |     3 |     9 |     3 ||    17
  Throw: Throwing net      |       |       |     3 |     1 ||     4
 Invoke: Renounce Religion |       |     1 |       |       ||     1
  Evoke: Wand              |       |       |     6 |       ||     6
    Use: Potion            |       |       |     2 |     5 ||     7
   Stab: Sleeping          |     6 |     2 |     5 |     1 ||    14
 Armour: Skin              |     4 |     3 |     6 |       ||    13
  Dodge: Dodged            |    55 |    59 |   107 |    16 ||   237

Table legend: (Time is in decaauts)
 A = Elapsed time spent in this place.
 B = Non-inter-level travel time spent in this place.
 C = Inter-level travel time spent in this place.
 D = Time resting spent in this place.
 E = Time spent auto-exploring this place.
 F = Levels seen in this place.
 G = Mean time per level.
                   A        B        C        D        E       F      G
               +--------+--------+--------+--------+--------+-----+--------+
         Total |   7439 |   7152 |    287 |    304 |   5856 |   9 |  826.6 |
       Dungeon |   7437 |   7150 |    287 |    304 |   5856 |   8 |  929.6 |
        Temple |      1 |      1 |      0 |      0 |      0 |   1 |    1.0 |
               +--------+--------+--------+--------+--------+-----+--------+

Top non-repeatable levels by time:
     D:6: 1349 daAuts
     D:7: 1320 daAuts
     D:2: 1187 daAuts
     D:5: 1002 daAuts
     D:4: 1002 daAuts
     D:3: 883 daAuts
     D:1: 669 daAuts
     D:8: 22 daAuts
  Temple: 1 daAuts
